 Dungeon Crawl Stone Soup version 0.24-a0-537-g2d01d4a (webtiles) character file.

Game seed: 17331648247662174639

149 Spazmo the Magician (level 5, -1/28 HPs)
             Began as a Deep Elf Fire Elementalist on Aug 12, 2019.
             Killed from afar by an orc wizard (10 damage)
             ... with a puff of flame
             ... on level 3 of the Dungeon.
             The game lasted 00:05:45 (1590 turns).

Spazmo the Magician (Deep Elf Fire Elementalist)    Turns: 1590, Time: 00:05:46

Health: -1/28      AC:  3    Str:  5    XL:     5   Next: 9%
Magic:  5/14       EV: 13    Int: 26    God:
Gold:   66         SH:  0    Dex: 15    Spells: 7/13 levels left

rFire    . . .     SeeInvis .   f - +0 dagger
rCold    . . .     Gourm    .   (no shield)
rNeg     . . .     Faith    .   a - +0 robe
rPois    +         Spirit   .   (no helmet)
rElec    .         Reflect  .   (no cloak)
rCorr    .         Harm     .   q - +0 pair of gloves
MR       .....                  (no boots)
Stlth    +.........             (no amulet)
HPRegen  0.09/turn              k - ring of poison resistance
MPRegen  0.14/turn              (no ring)

@: confused, brilliant, very slightly contaminated
A: no striking features
a: no special abilities


You were on level 3 of the Dungeon.
You were not hungry.

You visited 1 branch of the dungeon, and saw 4 of its levels.

You collected 66 gold pieces.

Inventory:

Hand Weapons
 f - a +0 dagger (weapon)
Missiles
 e - 104 stones (quivered)
Armour
 a - a +0 robe (worn)
 q - a +0 pair of gloves (worn)
Jewellery
 k - a ring of poison resistance (left hand)
Scrolls
 d - a scroll of identify
 g - a scroll of blinking
 l - a scroll of amnesia
 m - a scroll of enchant weapon {unknown}
 o - a scroll of teleportation {unknown}
 p - a scroll of fear {unknown}
Potions
 h - a potion of flight
 i - 2 potions of haste
Comestibles
 b - 8 chunks of flesh
 c - 4 rations


   Skills:
 - Level 2.4 Dodging
 - Level 2.4 Stealth
 + Level 4.8 Spellcasting
 + Level 3.2 Conjurations
 + Level 4.5 Fire Magic


You had 7 spell levels left.
You knew the following spells:

 Your Spells              Type           Power        Failure   Level  Hunger
a - Flame Tongue          Conj/Fire      #####        1%          1    None
b - Throw Flame           Conj/Fire      #####.       1%          2    None
c - Conjure Flame         Conj/Fire      #####...     1%          3    ##.....

Your spell library contained the following spells:

 Spells                   Type           Power        Failure   Level  Hunger
 Inner Flame              Hex/Fire       ####....     1%          3    ##.....
 Sticky Flame             Conj/Fire      #####...     1%          4    ####...
 Fireball                 Conj/Fire      #####.....   5%          5    #####..


Dungeon Overview and Level Annotations

Branches:
Dungeon (4/15)
 Temple: D:4-7

Altars:

Shops:
D:4 [


Message History

Casting: Flame Tongue (safe; 2% risk of failure)
Confirm with . or Enter, or press ? or * to list all spells.
Aiming: Flame Tongue (safe; 2% risk of failure)
Press: ? - help, Shift-Dir - straight line Something hits you.
Casting: Flame Tongue (safe; 2% risk of failure)
Confirm with . or Enter, or press ? or * to list all spells.
Aiming: Flame Tongue (safe; 2% risk of failure)
Press: ? - help, Shift-Dir - straight line The flame tongue hits something.
Something hits you.
* * * LOW HITPOINT WARNING * * *
It was a potion of brilliance.
You feel clever all of a sudden. Something hits you but does no damage.
You are confused.
You feel invigorated.
You hear some strange, mumbled words.
A puff of flame appears from out of thin air!
The puff of flame hits you!
You die...

####.#####.###....
#.# #.# ..
#.#####.#
#.....#.#
#####.#.# #.#.+
#.### #.# #@# #{#
#.)......
#........
#........
#........
#........
#......(.
#...#####


There were no monsters in sight!

Vanquished Creatures
  An orc priest (D:3)
  3 gnolls (D:3)
  2 adders (D:3)
  An ooze (D:1)
  An adder skeleton (D:4)
  A worm (D:4)
  6 dart slugs
  7 orcs
  A ball python (D:3)
  8 bats
  3 giant cockroaches
  5 goblins
  3 hobgoblins
  A quokka (D:3)
  2 frilled lizards (D:1)
  2 kobolds
  A rat (D:3)
48 creatures vanquished.

Notes
Turn   | Place    | Note
-------+----------+-------------------------------------------
     0 | D:1      | Spazmo the Deep Elf Fire Elementalist began the quest for
                  | the Orb.
     0 | D:1      | Reached XP level 1. HP: 10/10 MP: 6/6
   117 | D:1      | Reached XP level 2. HP: 12/15 MP: 4/8
   121 | D:1      | Learned a level 2 spell: Throw Flame
   512 | D:1      | Reached XP level 3. HP: 19/19 MP: 6/10
   517 | D:1      | Learned a level 3 spell: Conjure Flame
   878 | D:2      | You fall into a shaft and drop 2 floors!
   958 | D:4      | Found Tisypsoi's Antique Armour Emporium.
  1215 | D:3      | Reached XP level 4. HP: 24/24 MP: 2/12
  1582 | D:3      | Reached XP level 5. HP: 15/28 MP: 5/14
  1590 | D:3      | Killed from afar by an orc wizard

Levels and vault maps discovered:
D:1:      dpeg_arrival_stonehenge_8_columns, layout_basic
D:2:      minmay_door_path, layout_rooms
D:3:      layout_basic, portal_sewer_entry_a
D:4:      layout_cave_pods, serial_forest, infiniplex_forest_straight_5,
          infiniplex_forest_clump_double, infiniplex_forest_clump_large,
          infiniplex_forest_straight_3, infiniplex_forest_corner_1,
          infiniplex_forest_clump_C, serial_shops, shop, uniq_pikel

Skill      XL: |  1  2  3  4 |
---------------+-------------+-----
Conjurations   | 2 3 |  3.2
Fire Magic     | 4 |  4.5
Spellcasting   | 4 |  4.8
Dodging        | |  2.4
Stealth        | |  2.4

Action                   |  1- 3 |  4- 6 || total
-------------------------+-------+-------++-------
Melee: Club              |     3 |       ||     3
       Dagger            |       |    17 ||    17
 Cast: Flame Tongue      |    69 |    35 ||   104
       Throw Flame       |     2 |     2 ||     4
  Use: Scroll            |     5 |       ||     5
       Potion            |     2 |     2 ||     4
  Eat: Chunk             |     1 |     1 ||     2
Armor: Robe              |     6 |     4 ||    10
Dodge: Dodged            |    20 |    14 ||    34

Table legend:
 A = Non-vault XP
 B = Vault XP
 C = Vault XP percentage of total XP
 D = Non-vault monster count
 E = Vault monster count
 F = Vault count percentage of total count
                 A         B        C        D         E       F
            +---------+---------+-------+---------+---------+-------
      Total |     212 |       2 |   0.9 |      47 |       1 |   2.1
            +---------+---------+-------+---------+---------+-------
        D:1 |      48 |       0 |   0.0 |      20 |       0 |   0.0
        D:2 |       6 |       0 |   0.0 |       3 |       0 |   0.0
        D:3 |     148 |       2 |   1.3 |      22 |       1 |   4.3
        D:4 |      10 |       0 |   0.0 |       2 |       0 |   0.0
            +---------+---------+-------+---------+---------+-------
